 Dungeon Crawl Stone Soup version 0.31.0-1-g2c135a0 (webtiles) character file.

Game seed: 16415372131393705105

322115 bonscott the Warrior (level 19, -1/171 (182) HPs)
             Began as a Minotaur Berserker on Apr 7, 2024.
             Was a High Priest of Trog.
             Slain by a shadow wraith (16 damage)
             ... on level 2 of the Abyss on Apr 12, 2024.
             The game lasted 07:34:42 (57009 turns).

bonscott the Warrior (Minotaur Berserker)          Turns: 57009, Time: 07:34:43

HP:   -1/171 (182)  AC: 21    Str: 33    XL:     19   Next: 72%
MP:   6/6           EV: 18    Int:  2    God:    Trog [*****.]
Gold: 2636          SH: 19    Dex: 19    Spells: 18/18 levels left

rFire   + . .        b - +4 double sword (antimagic)
rCold   + . .        w - +1 kite shield {AC+3}
rNeg    . . .        S - +0 ring mail "Puneterph" {Rampage rElec Dex+3 Stlth+}
rPois   .            (helmet restricted)
rElec   +            e - +2 cloak
rCorr   .            f - +2 pair of gloves "Utirycut" {Will+}
SInv    .            E - +2 pair of boots {Stlth+}
Will    ++++.        h - amulet of reflection
Stlth   ++++++++     y - ring "Touttis" {+Blink rF+ rC+ Str+3}
HPRegen 1.48/turn    N - +6 ring of strength
MPRegen 0.10/turn

%: reflection, rampage
@: about to teleport, strong-willed, regenerating, hasted and slowed, studying
Polearms, drained
A: horns 2, retaliatory headbutt, dopey 1
}: 2/15 runes: decaying, serpentine
a: Renounce Religion, Evoke Blink, Berserk, Trog's Hand, Brothers in Arms


You were on level 2 of the Abyss.
You worshipped Trog.
Trog was extremely pleased with you.
You visited 6 branches of the dungeon, and saw 33 of its levels.
You visited the Abyss 1 time.

You collected 4041 gold pieces.
You spent 1405 gold pieces at shops.

Inventory:

Hand Weapons
 a - a +4 dagger of protection
 b - a +4 antimagic double sword (weapon)
 c - a +4 antimagic quick blade
 d - a +4 scimitar of flaming
 j - a +2 long sword of holy wrath
 I - a +2 long sword of freezing
 P - a +1 vampiric long sword
Missiles
 l - 17 poisoned darts
 m - 155 stones (quivered)
 q - 3 throwing nets
 s - 6 datura-tipped darts
 D - 4 atropa-tipped darts
 F - 17 boomerangs
 L - 8 curare-tipped darts
Armour
 e - a +2 cloak (worn)
 f - the +2 pair of gloves "Utirycut" (worn) {Will+}
   (You found it on level 3 of the Lair of Beasts)

   Will+:     It increases your willpower.
 w - a +1 kite shield of protection (worn)
 E - a +2 pair of boots of stealth (worn)
 S - the +0 ring mail "Puneterph" (worn) {Rampage rElec Dex+3 Stlth+}
   (You found it on level 5 of the Dungeon)

   Dex+3:     It affects your dexterity (+3).
   rElec:     It insulates you from electricity.
   Rampage:   It bestows one free step when moving towards enemies.
   Stlth+:    It makes you more stealthy.
Jewellery
 h - an amulet of reflection (around neck)
 o - a +5 ring of evasion
 p - a ring of protection from cold
 r - a ring of resist corrosion
 y - the ring "Touttis" (left hand) {+Blink rF+ rC+ Str+3}
   (You took it off a deep elf sorcerer on level 3 of the Elven Halls)

   [ring of protection from cold]

   Str+3:     It affects your strength (+3).
   rF+:       It protects you from fire.
   rC+:       It protects you from cold.
   +Blink:    It lets you blink.
 C - a ring of positive energy
 N - a +6 ring of strength (right hand)
 T - a +6 ring of dexterity
 Z - the ring of Leroph {Fire Will+}
   (You took it off a deep elf demonologist on level 3 of the Elven Halls)

   [ring of fire]

   Fire:      It enhances your fire magic.
   rF+:       It protects you from fire.
   rC-:       It makes you vulnerable to cold.
   Will+:     It increases your willpower.
Talismans
 U - a talisman of death
Wands
 i - a wand of quicksilver (50)
 G - a wand of roots (66)
 K - a wand of paralysis (9)
 M - a wand of digging (7)
 O - a wand of flame (30)
 X - a wand of mindburst (19)
Scrolls
 g - 7 scrolls of poison
 k - 2 scrolls of fear
 v - 7 scrolls of teleportation
 H - 6 scrolls of blinking
 J - 5 scrolls of vulnerability
 Q - 2 scrolls of immolation
 R - 5 scrolls of fog
Potions
 n - 4 potions of enlightenment
 t - a potion of invisibility
 x - 4 potions of curing
 z - 2 potions of might
 A - 3 potions of haste
 B - 4 potions of mutation
 V - 6 potions of attraction
 W - a potion of cancellation
 Y - a potion of ambrosia
Miscellaneous
 u - a sack of spiders


   Skills:
 - Level 19.0 Fighting
 - Level 15.0(16.0) Short Blades
 - Level 9.7(14.1) Long Blades
 - Level 12.0 Throwing
 + Level 12.0 Armour
 + Level 12.0 Dodging
 - Level 16.0 Stealth
 - Level 12.0 Shields
 - Level 12.0 Evocations


You had 18 spell levels left.
You didn't know any spells.
Your spell library was empty.

Dungeon Overview and Level Annotations

Branches:
Dungeon (15/15)            Temple (0/1) D:5            Lair (5/5) D:9
  Swamp (4/4) Lair:3        Snake (4/4) Lair:3        Slime (0/5) Lair:4
    Orc (2/2) D:12            Elf (3/3) Orc:2        Vaults (0/5) D:13
 Depths (0/4) D:15

Altars:
Dithmenos
Elyvilon
Gozag
Kikubaaqudgha
Qazlal
Sif Muna
Jiyva

Shops:
D:3 *   D:5 (   D:9 [(*:   Orc:2 [=*(   Elf:1 ==*:   Snake:4 :!

Annotations:
D:11 Erica; Josephine
D:12 2 transporters, Plazmod's ghost, journeyman DECj
Lair:4 exclusion: 3 oklob plants
Orc:2 2 transporters, ww7's ghost, journeyman HORe


Innate Abilities, Weirdness & Mutations

You have a pair of horns on your head.
You reflexively headbutt those who attack you in melee.
You are dopey. (Int -2)


Message History

You block something's attack. You block the starcursed mass's attack.
The thrashing horror barely misses you. You furiously retaliate!
You headbutt the thrashing horror. The thrashing horror misses you.
Something hits you!
* * * LOW HITPOINT WARNING * * *
Something drains your vigour!
You feel as though you will be slow longer.
The starcursed mass touches you!
* * * LOW HITPOINT WARNING * * *
You feel better.
You block the thrashing horror's attack. x2
A small abomination comes into view.
A starcursed mass splits.
Something hits you!
* * * LOW HITPOINT WARNING * * *
The starcursed mass touches you!
* * * LOW HITPOINT WARNING * * *
A starcursed mass splits.
Unknown command.
The thrashing horror closely misses you.
You furiously retaliate!
You headbutt the thrashing horror!
You block the thrashing horror's attack.
Something hits you but does no damage.
The thrashing horror roars!
The thrashing horror attacks as it pursues you!
The thrashing horror tramples you but does no damage.
You block the thrashing horror's attack.
The thrashing horror closely misses you.
You furiously retaliate!
You headbutt the thrashing horror.
You block the thrashing horror's attack.
You block the starcursed mass's attack. The thrashing horror barely misses you.
The thrashing horror misses you. The starcursed mass closely misses you.
You feel yourself speed up. The thrashing horror misses you.
You block the thrashing horror's attack.
The thrashing horror completely misses you.
You furiously retaliate!
You headbutt the thrashing horror!
You block the thrashing horror's attack.
Something hits you but does no damage.
The starcursed mass touches you but does no damage.
Something hits you!
You die...

. ##. # ...#.
.#### #....# ....
.. #...### #..# ##
. ..#.....#
X.#X.ยง# .
.#......#.XX#
........##X###X#.#
.#....#.#...{#X#.#
.. . #..#..#@#..
..#.#.. #..X##.#.#
........#..##. .#
.. ..#.####. ....
#. ..##.. ... .#
#...# .#.. . .#
.....#.. ...# ..
.## .# ..# .. #...
##. ...X


You could see 5 starcursed masses and a thrashing horror.

Vanquished Creatures
  Vashnia (Snake:3)
  Saint Roka (Elf:2)
  A deep elf master archer (Elf:3)
  A deep elf blademaster (Elf:2)
  An acid blob (Abyss:2)
  4 tentacled starspawn (Abyss:2)
  3 thorn hunters
  Donald (Elf:2)
  Agnes (Elf:2)
  A fenstrider witch (Swamp:3)
  5 nagarajas
  10 deep elf sorcerers (Elf:3)
  8 deep elf elementalists (Elf:3)
  An orc warlord (Orc:2)
  A reaper (Abyss:2)
  2 very ugly things (Abyss:2)
  A green draconian (Abyss:2)
  4 deep elf death magi
  8 eleionomae
  3 deep elf demonologists (Elf:3)
  The ghost of Ruicvywi the Grappler, a journeyman OnSh of Okawaru (Lair:3)
  7 deep elf annihilators (Elf:3)
  3 bunyips
  A blizzard demon (Abyss:2)
  3 fire dragons
  3 deep elf high priests (Elf:3)
  2 shambling mangroves (Swamp:4)
  2 vault guards (D:13)
  A spriggan zombie (Abyss:2)
  20 hydras
  A salamander tyrant (Snake:4)
  11 anacondas
  Erolcha (Orc:2)
  Harold (D:10)
  12 alligators
  A catoblepas (Lair:3)
  3 boulder beetles
  2 centaur warriors (D:13)
  25 dancing weapons
  9 naga warriors
  4 tengu warriors
  3 death yaks
  2 two-headed ogres
  A spriggan berserker (Swamp:4)
  The ghost of IAmTheZeppo the Apothecary, a novice DrAl of Vehumet (D:9)
  An orc high priest (Orc:2)
  A hell knight (D:15)
  Nergalle (Orc:2)
  8 deep elf knights
  14 naga sharpshooters
  2 thrashing horrors (Abyss:2)
  5 shock serpents
  6 salamander mystics
  2 skysharks
  6 naga ritualists
  Lodul (D:12)
  A flayed ghost (Abyss:2)
  A sea snake (shapeshifter) (D:15)
  4 goliath frogs
  3 arcanists
  8 deep elf archers
  12 mana vipers
  A death drake (Swamp:4)
  5 bog bodies
  A spriggan simulacrum (Abyss:2)
  A lindwurm (Lair:5)
  8 orc knights
  20 deep elf zephyrmancers
  11 swamp dragons
  9 ugly things
  A necromancer (D:13)
  3 orc sorcerers
  23 deep elf pyromancers
  Maurice (D:9)
  2 moths of wrath (Lair:3)
  7 salamanders
  A manticore (D:12)
  An oklob plant (Lair:2)
  2 spectral centaurs (D:9)
  A guardian serpent (shapeshifter) (D:15)
  6 cyclopes
  3 guardian serpents (Snake:2)
  4 will-o-the-wisps
  A worldbinder (Abyss:2)
  3 elephants
  38 black mambas
  20 naga magi
  3 molten gargoyles (Lair:5)
  An orange demon (Abyss:2)
  2 gargoyles
  2 torpor snails
  6 large abominations (Abyss:2)
  A smoke demon (Abyss:2)
  An efreet (Abyss:2)
  19 cane toads
  A hellion (Abyss:2)
  Maggie (D:9)
  A yaktaur (D:15)
  2 unseen horrors (D:12)
  Jeremiah (D:6)
  5 rime drakes
  A tengu conjurer (D:14)
  A kobold demonologist (D:10)
  8 komodo dragons
  An ice devil (Abyss:2)
  A freezing wraith (Abyss:2)
  A polar bear (shapeshifter) (D:14)
  An ancient zyme (Abyss:2)
  A polar bear (Lair:5)
  13 tyrant leeches
  6 trolls
  7 hornets
  A raiju (Abyss:2)
  14 blink frogs
  A centaur simulacrum (D:9)
  6 slime creatures (D:15)
  6 spriggans
  2 shadows (D:12)
  5 wyverns
  2 fire elementals
  7 water elementals
  5 wraiths
  2 ynoxinuls (Abyss:2)
  11 basilisks
  7 starcursed masses (Abyss:2)
  18 humans (D:13)
  59 yaks
  6 steam dragons
  7 wargs
  3 fire bats (Lair:1)
  9 vampire mosquitoes
  2 neqoxecs (Abyss:2)
  11 swamp worms
  3 hell hounds (Lair:5)
  2 acid dragons
  25 nagas
  21 water moccasins
  Duvessa (D:4)
  35 orc warriors
  14 swamp drakes (Swamp:4)
  3 ice beasts
  2 laughing skulls
  A sky beast (D:6)
  A sky beast (shapeshifter) (D:13)
  11 ogres
  5 black bears
  3 small abominations (Abyss:2)
  11 wolves
  14 centaurs
  A phantom (D:12)
  2 kobold brigands (D:7)
  13 bullfrogs
  3 gnoll sergeants
  4 scorpions
  21 wights
  An earth elemental (Elf:2)
  Dowan (D:4)
  2 troll zombies (D:12)
  9 killer bees
  2 electric eels
  2 bombardier beetles
  A howler monkey (D:7)
  4 lava snakes
  3 quasits (Abyss:2)
  A gnoll bouda (D:5)
  22 orc priests
  3 hounds
  A hound (shapeshifter) (D:14)
  4 iguanas
  Crazy Yiuf (D:4)
  3 sleepcaps
  38 orc wizards
  10 hell rats
  6 ogre zombies (D:12)
  7 adders
  20 gnolls
  6 white imps
  4 ufetubi
  4 dart slugs
  2 ribbon worms
  92 orcs
  11 endoplasms
  4 giant cockroaches
  8 goblins
  6 hobgoblins
  13 jackals
  4 quokkas
  7 ball pythons
  6 bats
  2 frilled lizards (D:3)
  4 gnoll skeletons (D:12)
  2 gnoll zombies (D:12)
  11 kobolds
  7 orc skeletons (D:12)
  11 orc zombies (D:12)
  9 rats
  2 starspawn tentacles (Abyss:2)
1250 creatures vanquished.

Vanquished Creatures (collateral kills)
  Bai Suzhen (Swamp:4)
  A deep elf blademaster (Elf:3)
  A revenant (Abyss:2)
  A deep elf sorcerer (Elf:3)
  An eleionoma (Swamp:4)
  2 deep elf demonologists (Elf:3)
  A deep elf high priest (Elf:3)
  A naga warrior (Snake:3)
  A two-headed ogre (D:12)
  A deep elf knight (Elf:2)
  A wretched star (Abyss:2)
  A salamander mystic (Snake:4)
  A mana viper (Snake:3)
  A naga ritualist (Snake:3)
  A smoke demon (Abyss:2)
  A black mamba (Snake:3)
  A tyrant leech (Swamp:4)
  A wraith (D:12)
  A vampire (D:12)
  A yak (D:12)
  A naga (Snake:3)
  3 hell hounds (Abyss:2)
  A gnoll sergeant (D:12)
  3 wights (D:8)
  5 killer bees (D:8)
  An orc priest (Orc:2)
35 creatures vanquished.

Vanquished Creatures (others)
  Asterion (Snake:3)
  A naga warrior (Snake:4)
  A deep elf pyromancer (Elf:1)
  A bloated husk (Swamp:1)
  2 raiju (Abyss:2)
  A spriggan (Swamp:3)
  A water elemental (Elf:3)
  A human (D:5)
  A wight (D:7)
  An orc wizard (D:7)
  An orc (D:7)
  24 foxfires
  A lurking horror (Abyss:2)
  19 starspawn tentacles (Abyss:2)
56 creatures vanquished.

Grand Total: 1341 creatures vanquished

Notes
Turn   | Place    | Note
-------+----------+-------------------------------------------
     0 | D:1      | bonscott the Minotaur Berserker began the quest for the
                  | Orb.
     0 | D:1      | Reached XP level 1. HP: 19/19 MP: 0/0
   352 | D:1      | Reached skill level 4 in Fighting
   352 | D:1      | Reached XP level 2. HP: 27/27 MP: 1/1
   922 | D:2      | Reached XP level 3. HP: 33/34 MP: 2/2
  1099 | D:2      | Reached ** piety under Trog
  1200 | D:2      | Reached XP level 4. HP: 41/41 MP: 3/3
  1218 | D:2      | Reached skill level 5 in Fighting
  1224 | D:2      | Reached skill level 5 in Long Blades
  1792 | D:3      | Reached XP level 5. HP: 48/48 MP: 4/4
  1845 | D:4      | Found a runed translucent door.
  1846 | D:4      | Noticed Crazy Yiuf
  1851 | D:4      | Killed Crazy Yiuf
  1907 | D:3      | Reached *** piety under Trog
  2042 | D:4      | Reached skill level 6 in Fighting
  2134 | D:5      | Entered Level 5 of the Dungeon
  2134 | D:5      | Noticed a centaur
  2203 | D:4      | Reached XP level 6. HP: 53/57 MP: 5/5
  2279 | D:4      | Reached skill level 5 in Armour
  2541 | D:5      | Noticed a water moccasin
  2556 | D:5      | Killed a water moccasin
  2557 | D:5      | Reached skill level 7 in Fighting
  2557 | D:5      | Reached XP level 7. HP: 66/66 MP: 6/6
  2717 | D:5      | Identified the +0 leather armour "Gihadimn" {^Drain +Inv
                  | rCorr SInv}
  2824 | D:5      | Found a white marble altar of Elyvilon.
  2859 | D:5      | Found Ysaf's Weapon Emporium.
  2887 | D:5      | Identified the +0 ring mail "Puneterph" {Rampage rElec
                  | Dex+3 Stlth+}
  2911 | D:5      | Reached skill level 8 in Fighting
  2911 | D:5      | Reached skill level 1 in Stealth
  2916 | D:5      | Found a staircase to the Ecumenical Temple.
  3161 | D:6      | Noticed Jeremiah
  3266 | D:8      | Noticed a steam dragon
  3290 | D:8      | Reached XP level 8. HP: 67/73 MP: 7/7
  3528 | D:7      | Reached skill level 9 in Fighting
  3550 | D:7      | Reached skill level 1 in Short Blades
  3698 | D:6      | Killed Jeremiah
  3808 | D:7      | Reached **** piety under Trog
  4091 | D:8      | Reached skill level 10 in Fighting
  4214 | D:8      | Reached XP level 9. HP: 66/86 MP: 8/8
  4217 | D:8      | Reached skill level 5 in Stealth
  4224 | D:8      | Reached skill level 11 in Fighting
  4432 | D:9      | Found Fusoacw's Weapon Shoppe.
  4434 | D:9      | Found Zonoluoso's Antique Armour Emporium.
  4435 | D:9      | Found Xuageesh's Book Emporium.
  4435 | D:9      | Found Tiac's General Store.
  4473 | D:9      | Noticed Harold
  4584 | D:9      | Found a runed translucent gate.
  4584 | D:9      | Found a runed translucent gate.
  4584 | D:9      | Found a runed translucent gate.
  4585 | D:9      | Noticed a spectral centaur warrior
  4585 | D:9      | Noticed a spectral centaur warrior
  4646 | D:9      | Noticed a spectral centaur warrior
  4646 | D:9      | Noticed IAmTheZeppo's ghost (novice DrAl)
  4723 | D:10     | Entered Level 10 of the Dungeon
  4729 | D:10     | Killed Harold
  4730 | D:10     | Reached skill level 12 in Fighting
  4730 | D:10     | Reached skill level 5 in Short Blades
  4806 | D:10     | Noticed a two-headed ogre
  4827 | D:10     | Noticed a gargoyle
  5028 | D:11     | Noticed Josephine
  5123 | D:11     | Noticed a cyclops
  5170 | D:10     | Killed a two-headed ogre
  5171 | D:10     | Reached XP level 10. HP: 78/97 MP: 9/9
  5291 | D:10     | Killed a gargoyle
  5648 | D:9      | Found a staircase to the Lair.
  5650 | D:9      | Noticed an elephant
  5889 | D:9      | Killed an elephant
  5890 | D:9      | Reached skill level 13 in Fighting
  6120 | Lair:1   | Entered Level 1 of the Lair of Beasts
  6131 | Lair:1   | Noticed a cane toad
  6139 | Lair:1   | Killed a cane toad
  6140 | Lair:1   | Reached skill level 1 in Evocations
  6257 | Lair:3   | Noticed a cane toad
  6261 | Lair:3   | Killed a cane toad
  6280 | Lair:3   | Reached XP level 11. HP: 107/107 MP: 10/10
  6306 | Lair:3   | You fall into a shaft and drop 1 floor!
  6445 | Lair:5   | Entered Level 5 of the Lair of Beasts
  7055 | Lair:5   | Noticed an eight-headed hydra
  7065 | Lair:5   | Killed an eight-headed hydra
  7173 | Lair:5   | Noticed a skyshark
  7382 | Lair:5   | Reached skill level 5 in Evocations
  7917 | Lair:5   | Reached skill level 10 in Stealth
  8172 | Lair:5   | Noticed a lindwurm
  8174 | Lair:5   | Found a large runed translucent door.
  8174 | Lair:5   | Noticed a fire dragon
  8175 | Lair:5   | Found a large runed translucent door.
  8179 | Lair:5   | Killed a lindwurm
  8180 | Lair:5   | Reached XP level 12. HP: 115/115 MP: 11/11
  9513 | Lair:5   | Killed a fire dragon
  9522 | Lair:5   | Got an earthy gem with 437 turns to spare
  9640 | Lair:5   | Noticed a five-headed hydra
  9651 | Lair:5   | Killed a five-headed hydra
  9652 | Lair:5   | Reached skill level 10 in Short Blades
 10482 | Lair:4   | Found a viscous altar of Jiyva.
 10482 | Lair:4   | Found a staircase to the Slime Pits.
 10539 | Lair:4   | Reached skill level 14 in Fighting
 10567 | Lair:4   | Noticed a death yak
 10568 | Lair:4   | Noticed a death yak
 11234 | Lair:4   | Killed a death yak
 11250 | Lair:4   | Killed a death yak
 11632 | Lair:3   | Found a staircase to the Snake Pit.
 11829 | Lair:3   | Found a staircase to the Swamp.
 11915 | Lair:3   | Found a transporter.
 11917 | Lair:3   | Noticed Ruicvywi's ghost (journeyman OnSh)
 11917 | Lair:3   | Noticed a boulder beetle
 11921 | Lair:3   | Noticed a catoblepas
 11928 | Lair:3   | Found a transporter.
 11999 | Lair:3   | Reached XP level 13. HP: 111/124 MP: 12/12
 12783 | Lair:2   | HP: 5/124 [poisoned by a cane toad]
 13197 | Lair:2   | Found an ancient bone altar of Kikubaaqudgha.
 13489 | Lair:2   | Reached skill level 1 in Shields
 14210 | Lair:2   | Reached skill level 5 in Dodging
 15617 | Lair:1   | Reached skill level 5 in Shields
 16167 | Lair:1   | Reached skill level 15 in Fighting
 16937 | D:11     | Noticed Erica
 17207 | D:12     | Found a transporter.
 17207 | D:12     | Noticed Plazmod's ghost (journeyman DECj)
 17208 | D:12     | Found a transporter.
 17538 | D:15     | Entered Level 15 of the Dungeon
 17544 | D:15     | Found a staircase to the Depths.
 17549 | D:15     | Got a smoky gem with 1835 turns to spare
 17683 | D:9      | Noticed Maggie
 17693 | D:9      | Killed Maggie
 18497 | D:7      | Reached ***** piety under Trog
 18702 | D:7      | Found a stormy altar of Qazlal.
 18898 | D:6      | Reached XP level 14. HP: 134/134 MP: 13/13
 19436 | D:5      | Reached skill level 1 in Throwing
 19748 | D:5      | Found an ancient bone altar of Kikubaaqudgha.
 20175 | D:4      | Noticed Duvessa
 20179 | D:4      | Noticed Dowan
 20181 | D:4      | Killed Duvessa
 20194 | D:4      | Killed Dowan
 20511 | D:3      | Found Gozag's Platinum Reserve.
 20511 | D:3      | Found an opulent altar of Gozag.
 21409 | D:9      | Noticed Maurice
 21413 | D:9      | Maurice stole a dragon-blood talisman
 21423 | D:9      | Something stole a +2 long sword of freezing
 21443 | D:9      | Something stole 11 boomerangs
 21446 | D:9      | Killed Maurice
 22666 | D:12     | Noticed Lodul
 22672 | D:12     | Killed Lodul
 22873 | D:12     | Received a gift from Trog
 23057 | D:12     | Found a staircase to the Orcish Mines.
 24751 | Orc:1    | Entered Level 1 of the Orcish Mines
 25344 | Orc:2    | Entered Level 2 of the Orcish Mines
 25461 | Orc:2    | Found a staircase to the Elven Halls.
 25535 | Orc:2    | Found a transporter.
 25541 | Orc:2    | Noticed ww7's ghost (journeyman HORe)
 26123 | Orc:2    | Noticed an orc warlord
 26334 | Orc:2    | Found a transporter.
 26359 | Orc:2    | Noticed Nergalle
 26415 | Orc:2    | Noticed Erolcha
 26673 | Orc:2    | Received a gift from Trog
 26716 | Orc:2    | Killed Erolcha
 26770 | Orc:2    | Killed an orc warlord
 27317 | Orc:2    | Killed Nergalle
 27453 | Orc:2    | Found Cuyno's Antique Armour Boutique.
 27457 | Orc:2    | Found Suwig's General Store.
 27516 | Orc:2    | Found Vamawk's Antique Weapon Boutique.
 27532 | Orc:2    | Found Myc Daerghysh's Jewellery Boutique.
 28900 | D:13     | Reached XP level 15. HP: 116/143 MP: 4/14
 28965 | D:13     | Reached skill level 10 in Evocations
 29010 | D:13     | Reached skill level 16 in Fighting
 29072 | D:13     | Found a gate to the Vaults.
 29171 | D:13     | Identified the amulet of Puymp {RegenMP rF+ Int+2}
 29183 | D:13     | Received a gift from Trog
 29399 | D:14     | Found a shimmering blue altar of Sif Muna.
 30995 | D:15     | Found a shadowy altar of Dithmenos.
 31599 | Orc:2    | Bought a scroll of identify for 30 gold pieces
 31615 | Orc:2    | Bought an amulet of reflection for 420 gold pieces
 31830 | D:9      | Killed IAmTheZeppo's ghost
 32798 | Lair:3   | Killed Ruicvywi's ghost
 32800 | Lair:3   | Identified the +2 pair of gloves "Utirycut" {Will+}
 33029 | Snake:1  | Entered Level 1 of the Snake Pit
 33964 | Snake:4  | Entered Level 4 of the Snake Pit
 34709 | Snake:4  | Reached XP level 16. HP: 151/151 MP: 5/15
 35347 | Snake:4  | Reached skill level 15 in Stealth
 35879 | Snake:4  | Got a serpentine rune of Zot
 36449 | Snake:4  | Found Zaulih's Distillery.
 36449 | Snake:4  | Found Wior's Book Shop.
 37110 | Snake:3  | Noticed Asterion
 37542 | Snake:3  | Received a gift from Trog
 37794 | Snake:3  | Reached skill level 15 in Short Blades
 37870 | Snake:3  | Noticed an Executioner
 37872 | Snake:3  | Killed Asterion
 38138 | Snake:3  | Noticed Vashnia
 39143 | Snake:3  | Killed Vashnia
 40217 | Snake:2  | Found an ancient bone altar of Kikubaaqudgha.
 40469 | Snake:2  | Reached XP level 17. HP: 159/159 MP: 7/16
 41110 | Snake:1  | Reached skill level 17 in Fighting
 42023 | Snake:4  | Bought a potion of enlightenment for 60 gold pieces
 42023 | Snake:4  | Bought a potion of enlightenment for 60 gold pieces
 42023 | Snake:4  | Bought a potion of curing for 36 gold pieces
 42023 | Snake:4  | Bought a potion of might for 48 gold pieces
 42023 | Snake:4  | Bought a potion of curing for 36 gold pieces
 42023 | Snake:4  | Bought 2 potions of heal wounds for 120 gold pieces
 42023 | Snake:4  | Bought a potion of haste for 120 gold pieces
 42315 | Swamp:1  | Entered Level 1 of the Swamp
 42657 | Swamp:3  | Reached skill level 10 in Dodging
 42750 | Swamp:4  | Entered Level 4 of the Swamp
 42948 | Swamp:4  | Noticed Bai Suzhen
 42956 | Swamp:4  | Killed Bai Suzhen
 42957 | Swamp:4  | Reached skill level 5 in Throwing
 43019 | Swamp:4  | Found an opulent altar of Gozag.
 43505 | Swamp:4  | Reached skill level 10 in Shields
 43550 | Swamp:4  | Got a mossy gem with 495 turns to spare
 43552 | Swamp:4  | Got a decaying rune of Zot
 45073 | Swamp:2  | Reached XP level 18. HP: 170/170 MP: 5/17
 45194 | Swamp:2  | Received a gift from Trog
 45769 | Swamp:1  | Reached skill level 18 in Fighting
 45944 | Swamp:1  | Reached skill level 10 in Throwing
 47493 | Elf:1    | Entered Level 1 of the Elven Halls
 47559 | Elf:1    | Found Waobrout's Jewellery Shoppe.
 47576 | Elf:1    | Found Kosepaxola's Assorted Antiques.
 47604 | Elf:1    | Bought a ring of protection from cold for 475 gold pieces
 48123 | Elf:2    | Noticed Agnes
 48126 | Elf:3    | Entered Level 3 of the Elven Halls
 48619 | Elf:3    | Identified the ring "Symelinwei" {Fly rF+}
 48622 | Elf:3    | Identified the ring of Wutaome {+Blink EV+5 Str+2 Int+4
                  | Dex+2}
 48624 | Elf:3    | Identified the ring "Touttis" {+Blink rF+ rC+ Str+3}
 48624 | Elf:3    | Identified the ring of Leroph {Fire Will+}
 48629 | Elf:3    | Got a shimmering gem with 690 turns to spare
 48632 | Elf:3    | Noticed an Ice Fiend
 49249 | Elf:2    | Killed Agnes
 49325 | Elf:2    | Reached ****** piety under Trog
 49522 | Elf:2    | Identified the +8 battleaxe "Yfo Vuaz" {elec, rF+ rN+ rCorr
                  | Dex-3}
 49553 | Elf:2    | Found a runed translucent gate.
 49553 | Elf:2    | Found a runed translucent gate.
 49555 | Elf:2    | Found a runed translucent gate.
 49872 | Elf:2    | Noticed Saint Roka
 49914 | Elf:2    | Reached skill level 19 in Fighting
 50308 | Elf:2    | Reached skill level 10 in Armour
 50327 | Elf:2    | Received a gift from Trog
 50579 | Elf:2    | Noticed Donald
 50629 | Elf:2    | Killed Donald
 50764 | Elf:2    | Killed Saint Roka
 51182 | Elf:1    | Found Kott's Book Boutique.
 51230 | Elf:1    | Found Peati's Jewellery Shoppe.
 52245 | Elf:3    | Reached XP level 19. HP: 182/182 MP: 6/18
 52916 | Elf:3    | Identified the +3 ring mail of Instinct {rElec rCorr Dex-2}
 52929 | Elf:3    | Identified the ring "Wyseavuo" {rElec rPois rF+ EV+5
                  | Stlth-}
 53099 | Elf:3    | Received a gift from Trog
 54114 | Elf:3    | Identified the ring of Tylen {Wiz Int+6 Dex+2}
 54138 | Abyss:2  | Cast into level 2 of the Abyss (a deep elf demonologist)
 54264 | Abyss:2  | Found a corrupted altar of Lugonu.
 54284 | Abyss:2  | Found a corrupted altar of Lugonu.
 54289 | Abyss:2  | Found a corrupted altar of Lugonu.
 54289 | Abyss:2  | Found a corrupted altar of Lugonu.
 54339 | Abyss:2  | Found a corrupted altar of Lugonu.
 54819 | Abyss:2  | Found a corrupted altar of Lugonu.
 55461 | Abyss:2  | Found a corrupted altar of Lugonu.
 55547 | Abyss:2  | Found a corrupted altar of Lugonu.
 55583 | Abyss:2  | Found a corrupted altar of Lugonu.
 55618 | Abyss:2  | Found a basalt altar of Yredelemnul.
 55620 | Abyss:2  | Found a corrupted altar of Lugonu.
 55628 | Abyss:2  | Gained mutation: You are dopey. (Int -2) [a neqoxec]
 55632 | Abyss:2  | Found a corrupted altar of Lugonu.
 55991 | Abyss:2  | Noticed a bone dragon
 56016 | Abyss:2  | Noticed a bone dragon
 56022 | Abyss:2  | Found a corrupted altar of Lugonu.
 56279 | Abyss:2  | Lost intelligence.
 56285 | Abyss:2  | Found a corrupted altar of Lugonu.
 56306 | Abyss:2  | Found a corrupted altar of Lugonu.
 56404 | Abyss:2  | Noticed a bone dragon
 56460 | Abyss:2  | Found a hazy altar of Hepliaklqana.
 57006 | Abyss:2  | HP: 8/171 [starcursed mass (8)]
 57009 | Abyss:2  | Slain by a shadow wraith

Illustrated notes

Levels and vault maps discovered:
D:1:      roderic_crop_circles_arrival_small, layout_basic, minmay_pentomino_q2
D:2:      minmay_spotlight, layout_rooms, lightli_corner_chamber
D:3:      layout_basic, nicolae_gozag_zags_fifth_avenue, st_stairs_10
D:4:      layout_cave_pods, uniq_duvessa, uniq_crazy_yiuf_cottage
D:5:      layout_cave_pools, tgw_kikubaaqudgha, elyvilon_altar_4,
          minmay_temple_entry_stoned_glass, mainiacjoe_ossuary_entry_dusty_tomb,
          serial_shops, kennysheep_mini, amcnicky_mini_rare_corridor_liquid,
          minmay_misc_feat_x
D:6:      layout_basic, nicolae_wand_duel,
          serial_library_regret_index_double_sided,
          chequers_serial_rivers_small_3, uniq_jeremiah
D:7:      layout_rooms, lemuel_coloured_pillars_altar, minmay_manual_mess
D:8:      layout_basic, minmay_fractal_squares_diagonal_5
D:9:      dragon1_lemuel, layout_long_grid, david_lair_generic,
          gammafunk_ghost_necromancy, small_chamber_with_monster,
          chequers_avenue, nicolae_shop_national_dungeon_mall, worms_lemuel,
          uniq_maurice, uniq_harold, uniq_maggie
D:10:     layout_cave_pools
D:11:     layout_gridville, roderic_lattice_a, uniq_josephine, uniq_erica
D:12:     minmay_box_of_statues, layout_loops_corners, zombieorc2_lemuel,
          gammafunk_ghost_mausoleum, uniq_lodul
D:13:     layout_basic, grunt_vaults_entry_tiered
D:14:     layout_rooms, minivault_19, hellmonk_sif_muna_bookshelves
D:15:     hangedman_depths_entry_civil_slaughter, layout_layer_cave,
          nicolae_twisting_strands, nicolae_dithmenos_through_a_glass_darkly
Lair:1:   layout_cave_pods, nicolae_volcano_entry_batcave, grunt_megastairs_2
Lair:2:   nzn_winding_woodlands_cross [nzn_winding_woodlands_5x15_pool,
          nzn_winding_woodlands_5x15_twine, nzn_winding_woodlands_5x15_zeroes,
          nzn_winding_woodlands_5x15_default,
          nzn_winding_woodlands_15x15_killbox], layout_layer_cave, basic_altar,
          serial_bayou_shore_b, infiniplex_staircase_pool_2
Lair:3:   layout_loops_ring, swamp_mist, minmay_snake_entry_guardpost_small,
          gammafunk_ghost_berserking_beasts
Lair:4:   layout_roguey, minmay_slime_entry_oklob_open, beast_lair_carwin_3
Lair:5:   cheibrodos_lair_end_hotspot, layout_regular_city
Swamp:1:  layout_falls_marsh, nicolae_swamp_treefoil
Swamp:2:  layout_basic_swamp, evilmike_swamp_ruin_house_1, swamp_pool_1_2
Swamp:3:  layout_basic_swamp, hangedman_swamp_ruin_wall
Swamp:4:  swamp_basic_johnstein, layout_basic_swamp, swamp_pool_5,
          lemuel_altar_in_water2, uniq_bai_suzhen
Snake:1:  layout_honeycomb, serial_bayou_shore_b
Snake:2:  nrook_guardian_serpent_snake_passage, layout_grid_maze, special_room,
          basic_altar
Snake:3:  layout_layer_cave, lemuel_fruit_tree, uniq_vashnia, uniq_asterion
Snake:4:  snake_pit, layout_onion_interference, gammafunk_ghost_grave,
          minmay_shop_enchanted_jewellery, grunt_megastairs_1, minmay_shoptagon,
          uniq_aizul
Orc:1:    layout_diamond_mine, nicolae_orc_flooded_monolith
Orc:2:    grunt_orc_cross, layout_diamond_mine, gammafunk_ghost_arena
Elf:1:    nicolae_elf_arrival_fired_up, layout_gridlike, serial_shops, shop,
          shop, shop, evilmike_minifort, grunt_megastairs_4, minmay_shop_star
Elf:2:    nicolae_elf_blades_splatter_lattice [nooodl_blade_entry_preview],
          layout_loops_cross, drop_trap, uniq_agnes, uniq_donald,
          uniq_saint_roka
Elf:3:    nooodl_elf_gasket, layout_geoelf_diagonals, mu_enter_wizlab_1,
          st_stairs_12, grunt_megastairs_5
Abyss:2:  base: D:9, guppyfry_abyss_exit_glass_guarded,
          guppyfry_abyss_exit_glass_guarded, minivault_19,
          lemuel_flamethrower_hall, due_exit_kobolds, evilmike_abyss_exit_chaos,
          base: Vaults:4, bh_abyss_xom_lugonu_altar, hangedman_decor_riveting,
          evilmike_abyss_exit_15, evilmike_abyss_exit_15, minivault_20,
          minivault_20

Skill      XL: |  1  2  3  4  5  6  7  8  9 10 11 12 13 14 15 16 17 18 19 |
---------------+----------------------------------------------------------+-----
Fighting       | 4 5 6 7 8 10 12 13 14 15 16 17 19 | 19.0
Long Blades    | 4 5 9 |  9.7
Armour         | 4 5 7 8 9 10 12 | 12.0
Dodging        | 3 4 6 7 8 10 12 | 12.0
Stealth        | 2 4 6 8 10 11 12 13 14 16 | 16.0
Short Blades   | 2 6 8 9 11 12 14 15 | 15.0
Evocations     | 2 6 8 9 10 11 12 | 12.0
Shields        | 6 7 10 12 | 12.0
Throwing       | 4 9 11 12 | 12.0

Action                     |  1- 3 |  4- 6 |  7- 9 | 10-12 | 13-15 | 16-18 | 19-21 || total
---------------------------+-------+-------+-------+-------+-------+-------+-------++-------
  Melee: Falchion          |    79 |   120 |    42 |       |       |       |       ||   241
         Headbutt          |    19 |    26 |    59 |   217 |   654 |   422 |   186 ||  1583
         Punch             |     3 |       |     1 |    12 |    10 |       |       ||    26
         Short sword       |       |       |   194 |   170 |    14 |       |       ||   378
         Long sword        |       |       |     1 |    10 |    69 |    89 |    10 ||   179
         Dagger            |       |       |       |   610 |  1511 |   213 |     1 ||  2335
         Double sword      |       |       |       |       |   742 |  1184 |   367 ||  2293
         Quick blade       |       |       |       |       |       |       |   163 ||   163
   Fire: Sling             |       |     6 |     1 |       |       |       |       ||     7
  Throw: Boomerang         |       |     2 |     1 |    11 |     2 |   177 |       ||   193
         Stone             |       |       |       |     1 |    47 |    18 |    12 ||    78
         Dart              |       |       |       |       |    24 |    12 |       ||    36
         Throwing net      |       |       |       |       |     2 |     7 |       ||     9
 Invoke: Berserk           |     1 |     4 |       |    19 |    36 |    10 |     2 ||    72
         Trog's Hand       |       |       |     6 |     3 |     5 |     5 |     6 ||    25
         Brothers in Arms  |       |       |     1 |       |     4 |    10 |     2 ||    17
  Evoke: Wand              |       |       |     5 |    10 |     5 |    20 |     1 ||    41
         Sack of spiders   |       |       |       |       |       |       |     1 ||     1
    Use: Scroll            |       |     4 |     2 |    12 |    12 |    18 |     5 ||    53
         Potion            |       |       |     1 |     2 |     7 |    10 |     9 ||    29
   Stab: Sleeping          |       |       |     6 |    26 |   100 |    53 |       ||   185
         Distracted        |       |       |     1 |     7 |    10 |     7 |     8 ||    33
         Paralysed         |       |       |       |     3 |       |       |       ||     3
         Held in net/web   |       |       |       |       |     1 |     1 |       ||     2
 Armour: Animal skin       |    23 |       |       |       |       |       |       ||    23
         Ring mail         |    15 |    69 |   192 |   359 |   814 |   104 |   211 ||  1764
         Fire dragon scale |       |       |       |       |    12 |       |       ||    12
         Swamp dragon scal |       |       |       |       |   124 |   543 |       ||   667
  Dodge: Dodged            |    47 |    57 |   177 |   257 |   701 |   506 |   160 ||  1905
  Block: Kite shield       |       |       |       |       |   913 |  1177 |   306 ||  2396
         Reflection        |       |       |       |       |     8 |    97 |    10 ||   115
